 Dungeon Crawl Stone Soup version 0.22-a0-181-gb22368a056 (webtiles) character file.

647 RedPan the Grappler (level 7, -3/57 HPs)
             Began as a Hill Orc Monk on Feb 14, 2018.
             Was a Believer of Okawaru.
             Succumbed to Xeen's ghost's poison
             ... on level 5 of the Dungeon.
             The game lasted 00:07:15 (4647 turns).

RedPan the Grappler (Hill Orc Monk)                 Turns: 4647, Time: 00:07:15

Health: -3/57      AC: 18    Str: 16    XL:     7   Next: 52%
Magic:  7/7        EV:  5    Int: 13    God:    Okawaru [**....]
Gold:   180        SH:  0    Dex: 13    Spells: 6/6 levels left

rFire    . . .     SeeInvis .     - Unarmed
rCold    . . .     Gourm    .   (no shield)
rNeg     + . .     Faith    .   d - +0 plate armour
rPois    .         Spirit   .   h - +2 helmet {Int+3}
rElec    .         Reflect  .   (no cloak)
rCorr    .         Harm     .   (no gloves)
MR       .....                  g - +2 pair of boots
Stlth    ..........             (no amulet)
HPRegen  0.19/turn              (no ring)
MPRegen  0.10/turn              m - ring of positive energy

@: confused, lethally poisoned (-3 -> -48), glowing
A: no striking features
a: Heroism, Renounce Religion


You were on level 5 of the Dungeon.
You worshipped Okawaru.
Okawaru was pleased with you.
You were not hungry.

You visited 2 branches of the dungeon, and saw 6 of its levels.

You collected 180 gold pieces.

Inventory:

Armour
 d - a +0 plate armour (worn)
 g - a +2 pair of boots (worn)
 h - a +2 helmet of intelligence (worn)
Jewellery
 k - an uncursed ring of fire
 m - a ring of positive energy (right hand)
Wands
 a - a wand of enslavement (9)
 n - a wand of paralysis (14)
Scrolls
 c - 5 scrolls of identify
 e - 4 scrolls of immolation
 f - 2 scrolls of teleportation {unknown}
 i - a scroll of amnesia {unknown}
 j - a scroll of remove curse
Comestibles
 b - 11 rations


   Skills:
 - Level 3.6 Fighting
 + Level 4.3 Armour
 - Level 2.4 Dodging
 - Level 1.5 Stealth
 + Level 8.1 Unarmed Combat


You had 6 spell levels left.
You didn't know any spells.

Dungeon Overview and Level Annotations

Branches:
Dungeon (5/15)             Temple (1/1) D:4

Altars:
Ashenzari
Cheibriados
Dithmenos
Elyvilon
Fedhas
Hepliaklqana
Kikubaaqudgha
Nemelex Xobeh
Okawaru
Qazlal
Ru
Trog
Uskayaw
Vehumet
Wu Jian
Yredelemnul
The Shining One

Annotations:
D:5 Xeen's ghost, novice SpEn


Message History

Okay, then.
Evoke which item? (* to show all) (? for menu, Esc to quit)
You're too confused!
Unknown command.
* * * LOW HITPOINT WARNING * * *
You feel very sick.
Xeen's ghost hits you but does no damage.
You are more poisoned.
You closely miss Xeen's ghost.
Xeen's ghost is severely damaged.
* * * LOW HITPOINT WARNING * * *
You feel very sick.
Xeen's ghost wails, "What do you have that I didn't have?"
Xeen's ghost hits you.
* * * LOW HITPOINT WARNING * * *
You aren't carrying any potions.
Unknown command.
You're too confused!
You're too confused to move!
You die...

#.# #.# #.#.# #.# #.#
#.#.# . #.# #.# #.#.#
.. #.###.#####.#.#
...
####.##..........####
#...
...................#
.....
#..##..######.#####
#.#...##..##..# #.#
........W@.#..# #.#
...........'..# #.#
..#........#.## #.#
#........#.# #.#
#........#.# #.#
#.##+#..##.. #.
...#### # #...# ....#


You could see Xeen's ghost.

Vanquished Creatures
  The ghost of SnubMonkey the Ruffian, an amateur DrTm (D:3)
  Blork the orc (D:4)
  A hound (D:4)
  A bullfrog skeleton (D:4)
  An orc wizard (D:3)
  Ijyb (D:4)
  Natasha (thrice) (D:2)
  2 worker ants (D:4)
  4 gnolls
  6 adders
  3 oozes
  5 worms
  A dart slug (D:3)
  A leopard gecko (D:4)
  6 orcs
  4 giant cockroaches
  15 goblins
  7 hobgoblins
  4 jackals (D:5)
  8 kobolds
  2 quokkas
  2 ball pythons
  7 bats
  5 frilled lizards
  12 rats
103 creatures vanquished.

Notes
Turn   | Place    | Note
-------+----------+-------------------------------------------
     0 | D:1      | RedPan the Hill Orc Monk began the quest for the Orb.
     0 | D:1      | Reached XP level 1. HP: 19/19 MP: 1/1
   279 | D:1      | Reached XP level 2. HP: 25/26 MP: 2/2
   295 | D:1      | Reached skill level 4 in Unarmed Combat
   450 | D:1      | Reached XP level 3. HP: 25/31 MP: 3/3
  1518 | D:2      | Noticed Natasha
  1521 | D:2      | Killed Natasha
  1521 | D:2      | Reached skill level 5 in Unarmed Combat
  1521 | D:2      | Reached XP level 4. HP: 39/39 MP: 4/4
  1561 | D:2      | Noticed Natasha
  1580 | D:2      | Killed Natasha
  1881 | D:2      | Noticed Natasha
  1885 | D:2      | Killed Natasha
  1885 | D:2      | Reached skill level 6 in Unarmed Combat
  1885 | D:2      | Reached XP level 5. HP: 45/45 MP: 5/5
  2684 | D:3      | Noticed SnubMonkey's ghost (amateur DrTm)
  2709 | D:3      | HP: 2/45 [SnubMonkey's ghost (5)]
  2713 | D:3      | Killed SnubMonkey's ghost
  2713 | D:3      | Reached skill level 7 in Unarmed Combat
  2713 | D:3      | Reached XP level 6. HP: 1/51 MP: 6/6
  3795 | D:4      | Noticed Ijyb
  3808 | D:4      | Killed Ijyb
  3808 | D:4      | Reached XP level 7. HP: 57/57 MP: 7/7
  3998 | D:4      | Found an ancient bone altar of Kikubaaqudgha.
  4283 | D:4      | Noticed Blork the orc
  4293 | D:4      | Killed Blork the orc
  4293 | D:4      | Reached skill level 8 in Unarmed Combat
  4301 | D:4      | Found a staircase to the Ecumenical Temple.
  4314 | Temple   | Entered the Ecumenical Temple
  4474 | Temple   | Became a worshipper of Warmaster Okawaru
  4474 | Temple   | Reached * piety under Okawaru
  4474 | Temple   | Reached ** piety under Okawaru
  4573 | D:5      | Entered Level 5 of the Dungeon
  4620 | D:5      | Noticed Xeen's ghost (novice SpEn)
  4646 | D:5      | HP: 2/57 [poisoned by Xeen's ghost]
  4647 | D:5      | Succumbed to Xeen's ghost's poison

Vault maps used:
D:1:      erik_arrival_gehennom
D:2:      minmay_small_reverse_x, uniq_natasha
D:4:      kiku_gazebo_pond_becter, minmay_temple_entry_statues_pillars,
          minivault_19, uniq_blork_the_orc, uniq_ijyb
D:5:      first_ration, uniq_edmund
Temple:   eino_temple_rhombus

Skill      XL: |  1  2  3  4  5  6  7 |
---------------+----------------------+-----
Unarmed Combat | 4 5 6 7 8 |  8.1
Armour         | 2 3 4 |  4.3
Fighting       | |  3.6
Dodging        | |  2.4
Stealth        | |  1.5

Action                   |  1- 3 |  4- 6 |  7- 9 || total
-------------------------+-------+-------+-------++-------
Melee: Unarmed           |    90 |   230 |    82 ||   402
       Punch             |     2 |     4 |     1 ||     7
  Use: Potion            |       |     3 |       ||     3
       Scroll            |       |     2 |       ||     2
 Stab: Sleeping          |     5 |     3 |       ||     8
  Eat: Chunk             |     1 |     8 |     3 ||    12
Armor: Robe              |     9 |    19 |       ||    28
       Plate armour      |       |    75 |    59 ||   134
Dodge: Dodged            |    52 |    91 |    16 ||   159

Table legend:
 A = Spawn XP
 B = Non-spawn XP
 C = Spawn XP percentage of total XP
 D = Spawn monster count
 E = Non-spawn monster count
 F = Spawn count percentage of total count
 G = Total turns spent on level
                    A         B        C        D         E        F      G
               +---------+---------+-------+---------+---------+-------+---------
         Total |       0 |     925 |   0.0 |       0 |     103 |   0.0 |  4647
               +---------+---------+-------+---------+---------+-------+---------
           D:1 |       0 |      60 |   0.0 |       0 |      25 |   0.0 |  1518
           D:2 |       0 |     178 |   0.0 |       0 |      29 |   0.0 |   999
           D:3 |       0 |     351 |   0.0 |       0 |      33 |   0.0 |  1176
           D:4 |       0 |     328 |   0.0 |       0 |      12 |   0.0 |   709
           D:5 |       0 |       8 |   0.0 |       0 |       4 |   0.0 |    74
               +---------+---------+-------+---------+---------+-------+---------
